 Dungeon Crawl Stone Soup version 0.22-a0-282-gdd34a7d (webtiles) character file.

242 Amnesiac the Magician (level 5, -1/32 HPs)
             Began as a Deep Elf Wizard on Mar 17, 2018.
             Blown up by an orc (21 damage)
             ... with a wand of disintegration (13)
             ... on level 4 of the Dungeon.
             The game lasted 00:03:33 (3266 turns).

Amnesiac the Magician (Deep Elf Wizard)             Turns: 3266, Time: 00:03:34

Health: -1/32      AC:  4    Str:  4    XL:     5   Next: 81%
Magic:  1/13       EV: 13    Int: 24    God:
Gold:   207        SH:  0    Dex: 13    Spells: 2/13 levels left

rFire    . . .     SeeInvis .   j - +1 dagger (venom)
rCold    . . .     Gourm    .   (no shield)
rNeg     . . .     Faith    .   a - +0 robe
rPois    .         Spirit   .   n - +2 hat
rElec    .         Reflect  .   (no cloak)
rCorr    .         Harm     .   (no gloves)
MR       .....                  (no boots)
Stlth    ++........             v - amulet of the acrobat
HPRegen  0.10/turn              (no ring)
MPRegen  0.13/turn              (no ring)

@: no status effects
A: no striking features
a: no special abilities


You were on level 4 of the Dungeon.
You were hungry.

You visited 1 branch of the dungeon, and saw 4 of its levels.

You collected 207 gold pieces.

Inventory:

Hand Weapons
 j - a +1 dagger of venom (weapon)
 w - a +2 trident of protection
Missiles
 k - 33 stones (quivered)
 l - 5 poisoned needles
 m - 24 sling bullets
 z - 2 throwing nets
Armour
 a - a +0 robe (worn)
 n - a +2 hat (worn)
 t - a +0 helmet
Jewellery
 v - an amulet of the acrobat (around neck)
Scrolls
 f - 4 scrolls of identify {!r, unknown}
 g - a scroll of noise {!r, unknown}
 o - 4 scrolls of teleportation {!r, unknown}
 r - 3 scrolls of remove curse {!r, unknown}
 u - a scroll of amnesia {!r, unknown}
 y - 2 scrolls of enchant weapon {!r, unknown}
Potions
 c - a potion of lignification {!q, unknown}
 e - 3 potions of haste {!q, unknown}
 h - a potion of heal wounds {!q, unknown}
 i - a potion of invisibility {!q, unknown}
 p - a potion of flight {!q, unknown}
 q - 3 potions of curing {!q, unknown}
 s - 2 potions of resistance {!q, unknown}
 x - a potion of agility {!q, unknown}
 A - a potion of degeneration {!q, unknown}
 B - a potion of mutation {!q, unknown}
Comestibles
 b - 7 chunks of flesh
 d - 6 rations


   Skills:
 * Level 3.5 Fighting
 + Level 3.4 Dodging
 - Level 2.4 Stealth
 - Level 4.5 Spellcasting
 + Level 3.4 Conjurations
 - Level 1.1 Summonings
 - Level 1.1 Translocations


You had 2 spell levels left.
You knew the following spells:

 Your Spells              Type           Power        Failure   Level  Hunger
a - Magic Dart            Conj           ###.         2%          1    None
b - Call Imp              Summ           ##......     9%          2    None
e - Mephitic Cloud        Conj/Pois/Air  ##......     17%         3    ##.....
s - Conjure Flame         Conj/Fire      ##......     14%         3    ##.....
v - Blink                 Tloc           N/A          9%          2    None


Dungeon Overview and Level Annotations

Branches:
Dungeon (4/15)
 Temple: D:4-7

Altars:
Ashenzari
Okawaru
Qazlal
Xom
Zin


Message History

The magic dart hits the orc priest.
You kill the orc priest!
The orc shouts!
An orc priest comes into view.
Casting: Magic Dart (safe; 2% risk of failure)
Confirm with . or Enter, or press ? or * to list all spells.
Aiming: Magic Dart (safe; 2% risk of failure)
Press: ? - help, Shift-Dir - straight line, f - orc
Aim: an orc, wielding a short sword The magic dart hits the orc.
The orc is moderately wounded.
The orc priest shouts!
Casting: Magic Dart (safe; 2% risk of failure)
Confirm with . or Enter, or press ? or * to list all spells.
Aiming: Magic Dart (safe; 2% risk of failure)
Press: ? - help, Shift-Dir - straight line, f/p - orc
Aim: an orc, wielding a short sword (moderately wounded)
The magic dart hits the orc.
You kill the orc!
An orc comes into view. It is wielding a flail.
The orc shouts!
You hear a shout! x2 2 orcs come into view.
The orc priest miscasts a cantrip.
An orc comes into view. It is wielding a whip.
Things that are here:
a hand axe; a scale mail The orc priest mumbles some strange prayers to Beogh against you.
You struggle to resist.
Casting: Magic Dart (safe; 2% risk of failure)
Confirm with . or Enter, or press ? or * to list all spells.
Aiming: Mephitic Cloud (safe; 17% risk of failure)
Press: ? - help, Shift-Dir - straight line, f - orc priest
Aim: an orc priest, wearing a leather armour The ball explodes into a vile cloud!
The stinking cloud engulfs the orc priest.
The stinking cloud engulfs the orc.
You are feeling hungry.
You hear a shout!
The orc priest is engulfed in noxious fumes.
The orc priest appears confused.
The orc is engulfed in noxious fumes.
The orc appears confused.
The orc completely misses you.
The orc is engulfed in noxious fumes.
The orc appears confused.
An orc comes into view. It is wielding a club.
The orc is engulfed in noxious fumes.
The orc appears confused.
The orc shouts! x2
The orc priest is engulfed in noxious fumes.
The orc priest appears confused.
You see here a hand axe.
The orc misses you.
You hit the orc priest but do no damage.
The orc priest is poisoned.
The orc priest is lightly wounded.
The orc priest closely misses the orc.
The orc hits you but does no damage.
You hit the orc priest.
The orc priest looks as sick as possible!
The orc priest is moderately wounded.
The orc hits you with a club.
The orc priest barely misses the orc.
The orc barely misses you.
You barely miss the orc priest.
The orc priest is moderately wounded.
The orc zaps a wand.
You are blasted!
Ouch! That really hurt!
You die...

.... #Z ...#
##.#########...##
...<..............
....)............
.................
.......).........
......ooo........
###.##o@###..###
##o##.)###..#
#...o.......#
#...........#
#...........+
##...####.###
#...####.########
.................#
..................#


You could see an orc priest (confused), 4 orcs and a centaur skeleton
(wandering).

Vanquished Creatures
  A howler monkey (D:4)
  An orc priest (D:4)
  Terence (D:3)
  A worker ant (D:2)
  7 adders
  2 dart slugs
  2 leopard geckos
  3 orcs (D:4)
  3 giant cockroaches
  8 goblins
  4 hobgoblins
  5 jackals (D:3)
  5 kobolds
  4 bats
  5 frilled lizards
  11 rats
63 creatures vanquished.

Notes
Turn   | Place    | Note
-------+----------+-------------------------------------------
     0 | D:1      | Amnesiac the Deep Elf Wizard began the quest for the Orb.
     0 | D:1      | Reached XP level 1. HP: 10/10 MP: 7/7
   345 | D:1      | Reached XP level 2. HP: 16/16 MP: 6/9
   349 | D:1      | Learned a level 2 spell: Blink
   352 | D:1      | Learned a level 2 spell: Call Imp
   360 | D:1      | Reached skill level 1 in Fighting
  1255 | D:2      | Reached XP level 3. HP: 9/21 MP: 11/11
  1260 | D:2      | Learned a level 3 spell: Conjure Flame
  1264 | D:2      | Learned a level 3 spell: Mephitic Cloud
  1476 | D:2      | Found a shimmering altar of Xom.
  1476 | D:2      | Found a glowing silver altar of Zin.
  1476 | D:2      | Found an iron altar of Okawaru.
  1477 | D:2      | Found a stormy altar of Qazlal.
  1576 | D:2      | Reached XP level 4. HP: 24/27 MP: 12/12
  2118 | D:3      | Noticed Terence
  2155 | D:3      | Killed Terence
  2323 | D:3      | Reached XP level 5. HP: 32/32 MP: 13/13
  2450 | D:3      | Found a shattered altar of Ashenzari.
  3266 | D:4      | Blown up by an orc

Vault maps used:
D:1:      kilobyte_arrival_exit_the_forest
D:2:      chequers_temple_overflow_statue_of_worship
D:3:      ashenzari_conservatory_becter, gup_sewer_entry_spiral, first_ration,
          uniq_terence
D:4:      nicolae_ru_the_path_less_chosen

Skill      XL: |  1  2  3  4  5 |
---------------+----------------+-----
Fighting       | 1 2 3 |  3.5
Conjurations   | 2 3 |  3.4
Dodging        | 3 |  3.4
Stealth        | |  2.4
Spellcasting   | |  4.5
Summonings     | |  1.1
Translocations | |  1.1

Action                   |  1- 3 |  4- 6 || total
-------------------------+-------+-------++-------
Melee: Dagger            |    51 |    60 ||   111
 Cast: Magic Dart        |    35 |    30 ||    65
       Mephitic Cloud    |     1 |     3 ||     4
 Stab: Sleeping          |     1 |     4 ||     5
       Confused          |     1 |     1 ||     2
  Eat: Chunk             |     2 |     5 ||     7
Armor: Robe              |    12 |     9 ||    21
Dodge: Dodged            |    35 |    55 ||    90

Table legend:
 A = Spawn XP
 B = Non-spawn XP
 C = Spawn XP percentage of total XP
 D = Spawn monster count
 E = Non-spawn monster count
 F = Spawn count percentage of total count
 G = Total turns spent on level
                    A         B        C        D         E        F      G
               +---------+---------+-------+---------+---------+-------+---------
         Total |       0 |     346 |   0.0 |       0 |      63 |   0.0 |  3266
               +---------+---------+-------+---------+---------+-------+---------
           D:1 |       0 |      34 |   0.0 |       0 |      20 |   0.0 |  1149
           D:2 |       0 |      91 |   0.0 |       0 |      17 |   0.0 |   756
           D:3 |       0 |     120 |   0.0 |       0 |      21 |   0.0 |  1270
           D:4 |       0 |     101 |   0.0 |       0 |       5 |   0.0 |    91
               +---------+---------+-------+---------+---------+-------+---------
